 Dungeon Crawl Stone Soup version 0.24-a0-549-g45f0056d81 (webtiles) character file.

Game seed: 817980244109461862

21672 GordonOverkill the Arsonist (level 12, -6/92 HPs)
             Began as a Barachi Fire Elementalist on Aug 18, 2019.
             Was an Elder of Sif Muna.
             Mangled by a spiny frog (20 damage)
             ... on level 3 of the Lair of Beasts on Aug 19, 2019.
             The game lasted 00:40:58 (19085 turns).

GordonOverkill the Arsonist (BaFE)                 Turns: 19085, Time: 00:40:59

Health: -6/92      AC: 15    Str: 11    XL:     12   Next: 92%
Magic:  26/35      EV: 12    Int: 19    God:    Sif Muna [****..]
Gold:   839        SH:  0    Dex: 13    Spells: 12/31 levels left

rFire    + . .     SeeInvis .   y - +5 quarterstaff "Cemaurphu" {speed, MP+9 Stlth+}
rCold    + . .     Gourm    .   (shield currently unavailable)
rNeg     . . .     Faith    .   k - +1 leather armour {MR+}
rPois    .         Spirit   .   z - +2 helmet
rElec    .         Reflect  .   s - scarf {rC+ rF+}
rCorr    .         Harm     .   D - +2 pair of gloves
MR       +....                  j - +2 pair of boots
Stlth    +++.......             (no amulet)
HPRegen  0.25/turn              (no ring)
MPRegen  0.24/turn              (no ring)

@: lethally poisoned (-6 -> -21), very slightly contaminated, slow
A: +LOS, swims, slowness 1, strong legs 1
a: Hop, Channel Magic, Forget Spell, Divine Exegesis, Renounce Religion


You were on level 3 of the Lair of Beasts.
You worshipped Sif Muna.
Sif Muna was greatly pleased with you.
You were not hungry.

You visited 2 branches of the dungeon, and saw 15 of its levels.
You also visited: Ossuary.

You collected 1037 gold pieces.
You spent 198 gold pieces at shops.

Inventory:

Hand Weapons
 y - the +5 quarterstaff "Cemaurphu" (weapon) {speed, MP+9 Stlth+}
   (You bought it in a shop on level 5 of the Dungeon)

   Attacks with this weapon are significantly faster.
   It affects your magic capacity (+9).
   It makes you more stealthy.
 F - the +5 whip of Sysira Zeotz {drain, *Drain rElec rPois rC+}
   (You found it on level 8 of the Dungeon)

   A truly terrible weapon, it drains the life of those it strikes.
   It protects you from cold.
   It insulates you from electricity.
   It protects you from poison.
   It causes draining when unequipped.
Missiles
 o - 23 boomerangs (quivered)
 B - 5 throwing nets
 J - 4 javelins
 P - 4 silver boomerangs
Armour
 f - a scarf of repulsion
 j - a +2 pair of boots (worn)
 k - a +1 leather armour of magic resistance (worn)
 s - a scarf of resistance (worn)
 z - a +2 helmet (worn)
 D - a +2 pair of gloves (worn)
Magical Staves
 E - an uncursed staff of wizardry
Wands
 b - a wand of paralysis (24)
 n - a wand of flame (17)
 r - a wand of polymorph (5)
 K - a wand of acid (17)
 M - a wand of digging (4)
 N - a wand of iceblast (17)
Scrolls
 a - 2 scrolls of blinking
 d - 3 scrolls of silence {unknown}
 h - 4 scrolls of teleportation
 q - 5 scrolls of identify
 w - a scroll of fog
 x - 4 scrolls of immolation
 A - 5 scrolls of remove curse
 C - 3 scrolls of magic mapping
 G - 5 scrolls of random uselessness {unknown}
 L - a scroll of enchant armour
 O - 3 scrolls of fear
 Q - a scroll of enchant weapon
Potions
 e - 2 potions of resistance
 g - 7 potions of agility
 i - 6 potions of curing {unknown}
 l - 3 potions of ambrosia {unknown}
 m - 7 potions of haste
 p - 3 potions of heal wounds
 t - 3 potions of mutation {unknown}
 u - 2 potions of might
 v - 6 potions of brilliance {unknown}
 H - 3 potions of lignification
 I - a potion of flight
Comestibles
 c - 21 rations
 R - 8 chunks of flesh


   Skills:
 - Level 8.0 Fighting
 - Level 9.0 Armour
 - Level 3.0 Dodging
 - Level 2.0 Stealth
 - Level 10.0 Spellcasting
 + Level 10.4 Conjurations
 + Level 11.5 Fire Magic
 - Level 4.0 Earth Magic
 - Level 5.0 Invocations
 - Level 3.0 Evocations


You had 12 spell levels left.
You knew the following spells:

 Your Spells              Type           Power        Failure   Level  Hunger
a - Flame Tongue          Conj/Fire      #####        1%          1    None
b - Conjure Flame         Conj/Fire      ######..     1%          3    None
c - Sticky Flame          Conj/Fire      ######..     1%          4    ##.....
d - Fireball              Conj/Fire      ######....   2%          5    #####..
e - Bolt of Magma         Conj/Fire/Erth #####.....   7%          5    #####..
f - Apportation           Tloc           #.....       9%          1    None

Your spell library contained the following spells:

 Spells                   Type           Power        Failure   Level  Hunger
 Throw Flame              Conj/Fire      ######       1%          2    None
 Iskenderun's Mystic Bla  Conj           #####...     1%          4    ##.....
 Inner Flame              Hex/Fire       ####....     2%          3    None
 Mephitic Cloud           Conj/Pois/Air  ###.....     7%          3    None
 Animate Skeleton         Necr           N/A          9%          1    None
 Confusing Touch          Hex            #.....       9%          1    None
 Summon Small Mammal      Summ           #...         9%          1    None
 Fire Storm               Conj/Fire      ######....   100%        9    #######


Dungeon Overview and Level Annotations

Branches:
Dungeon (12/15)            Temple (0/1) D:4            Lair (3/6) D:9
  Swamp (0/4) Lair:2        Snake (0/4) Lair:2          Orc (0/2) D:10

Altars:
Ashenzari
Elyvilon
Fedhas
Hepliaklqana
Qazlal
Ru
Sif Muna
Wu Jian
The Shining One

Shops:
D:4 ?   D:5 :(*   D:11 =[?

Annotations:
D:3 2 transporters, swagumen's ghost, amateur TrMo
D:6 1 runed translucent door, demivan's ghost, novice GnSk


Innate Abilities, Weirdness & Mutations

Shadows flee at your approach. (+LOS)
You can swim through water.
You cover ground slowly.
You can hop short distances.


Message History

You feel sick.
The spiny frog burns!
The spiny frog stings you!!
* * * LOW HITPOINT WARNING * * *
You are lethally poisoned!
The spiny frog poisons you!
* * * LOW HITPOINT WARNING * * *
You feel very sick.
The spiny frog burns!
Casting: Flame Tongue (safe; 1% risk of failure)
Confirm with . or Enter, or press ? or * to list all spells.
Aiming: Bolt of Magma (safe; 7% risk of failure)
Press: ? - help, Shift-Dir - straight line, f/p - spiny frog
Aim: a spiny frog (severely wounded, covered in liquid flames)
You miscast Bolt of Magma.
You are very lightly contaminated with residual magic.
You feel gritty.
* * * LOW HITPOINT WARNING * * *
You feel sick.
The spiny frog burns!
The spiny frog stings you but does no damage.
The spiny frog stings you!!
You die...

.........###..............##
..........#P..............#
.........###..............###
####÷##.###.................#
## ##.#.####
#...............######P
.P.....#
##.....................
...#.#.#
.#.####.#....#....#.#.
.#######
########....##÷######.#
.P##.#. #..@F.......# ###
......# #÷..........#
......##......+..........#
......##..P#.............#
......+.. ###...........#
......# #.#..........#
.#.##.# #####....##### ...#
## ##.### ..## #..


You could see a spiny frog (burning).

Vanquished Creatures
  A hydra (Lair:1)
  Harold (D:8)
  A catoblepas (D:10)
  A two-headed ogre (D:10)
  A deep elf archer (D:9)
  Pikel (D:7)
  A cyclops (D:11)
  2 ugly things
  4 oklob plants (Lair:2)
  A centaur zombie (D:11)
  Joseph (D:10)
  A gargoyle (D:11)
  3 spiny frogs
  A centaur skeleton (D:11)
  A komodo dragon (Lair:2)
  A tengu conjurer (D:9)
  6 trolls
  Prince Ribbit (D:8)
  2 hornets (D:10)
  2 hippogriffs (D:10)
  Sigmund (D:4)
  A shadow (D:11)
  A vampire (D:10)
  7 yaks
  2 basilisks
  A wraith (D:10)
  A hungry ghost (D:9)
  Edmund (D:4)
  2 wargs (D:9)
  5 nagas (Lair:2)
  6 water moccasins
  2 soldier ants (D:10)
  Duvessa (D:7)
  3 porcupines
  2 sky beasts
  An ice beast (D:10)
  4 orc warriors
  An eye of draining (D:11)
  6 ogres
  A necrophage (D:6)
  4 wolves (Lair:2)
  A centaur (D:7)
  2 crocodiles
  2 big kobolds
  Blork the orc (D:6)
  13 bullfrogs
  Dowan (D:7)
  4 water moccasin zombies (Ossuary)
  6 scorpions
  17 killer bees
  5 wights (D:9)
  6 howler monkeys
  4 crimson imps
  3 jellies
  8 hounds
  8 orc priests
  A bullfrog skeleton (D:11)
  Jessica (D:2)
  Ijyb (D:4)
  A gnoll shaman (D:5)
  5 iguanas
  6 orc wizards
  4 worker ants
  3 big kobold zombies (Ossuary)
  2 hound skeletons
  3 mummies
  2 worker ant zombies (D:8)
  5 gnolls
  15 adders
  3 shadow imps
  2 adder zombies (Ossuary)
  An adder skeleton (D:4)
  4 worms
  5 dart slugs
  5 leopard geckos
  49 orcs
  4 bats
  7 giant cockroaches
  2 gnoll zombies (Ossuary)
  10 goblins
  3 hobgoblins
  8 jackals
  14 kobolds
  A ball python (D:4)
  7 frilled lizards
  12 hobgoblin zombies
  3 kobold zombies (Ossuary)
  A leopard gecko skeleton (D:9)
  4 orc zombies (Ossuary)
  A rat (D:2)
  4 plants (Lair:2)
366 creatures vanquished.

Vanquished Creatures (others)
  A slave (D:8)
  An orc (D:8)
  2 fungi
  2 plants (Lair:2)
6 creatures vanquished.

Grand Total: 372 creatures vanquished

Notes
Turn   | Place    | Note
-------+----------+-------------------------------------------
     0 | D:1      | GordonOverkill the Barachi Fire Elementalist began the
                  | quest for the Orb.
     0 | D:1      | Reached XP level 1. HP: 13/13 MP: 3/3
   385 | D:1      | Reached XP level 2. HP: 19/19 MP: 5/5
  1097 | D:2      | Reached XP level 3. HP: 24/24 MP: 1/6
  1230 | D:2      | Noticed Jessica
  1235 | D:2      | Killed Jessica
  1235 | D:2      | Reached XP level 4. HP: 30/30 MP: 5/7
  1462 | D:2      | Found a glowing golden altar of the Shining One.
  1523 | D:2      | Found a shimmering blue altar of Sif Muna.
  1550 | D:2      | Became a worshipper of Sif Muna the Loreminder
  1669 | D:3      | Found a hazy altar of Hepliaklqana.
  1681 | D:3      | Found a faded altar of an unknown god.
  1775 | D:3      | Found a shattered altar of Ashenzari.
  2136 | D:3      | Noticed swagumen's ghost (amateur TrMo)
  2143 | D:3      | Found a transporter.
  2186 | D:3      | Found a transporter.
  2223 | D:3      | Reached XP level 5. HP: 33/35 MP: 5/9
  2488 | D:3      | Reached skill level 4 in Fire Magic
  2616 | D:3      | Learned a level 3 spell: Conjure Flame
  2621 | D:3      | Learned a level 4 spell: Sticky Flame
  3137 | D:3      | Reached skill level 1 in Armour
  3318 | D:3      | Reached skill level 1 in Invocations
  3492 | D:4      | Noticed Sigmund
  3501 | D:4      | Killed Sigmund
  3501 | D:4      | Reached XP level 6. HP: 25/41 MP: 0/11
  3687 | D:4      | Noticed Ijyb
  3695 | D:4      | Killed Ijyb
  3695 | D:4      | Reached XP level 7. HP: 46/46 MP: 2/12
  3705 | D:4      | Found a sand-covered staircase.
  3769 | Ossuary  | Entered an ossuary
  3967 | Ossuary  | Reached * piety under Sif Muna
  4028 | Ossuary  | Reached skill level 5 in Conjurations
  4361 | Ossuary  | Reached skill level 5 in Fire Magic
  4757 | D:4      | Noticed Edmund
  4778 | D:4      | Killed Edmund
  4778 | D:4      | Reached XP level 8. HP: 48/52 MP: 3/14
  5082 | D:4      | Found a blossoming altar of Fedhas.
  5083 | D:4      | Found a sacrificial altar of Ru.
  5084 | D:4      | Found an ornate altar of the Wu Jian Council.
  5198 | D:4      | Reached ** piety under Sif Muna
  5308 | D:4      | Learned a level 5 spell: Fireball
  5405 | D:4      | Found Kaowam's Magic Scroll Shoppe.
  5455 | D:4      | Found a staircase to the Ecumenical Temple.
  5524 | D:5      | Entered Level 5 of the Dungeon
  5740 | D:5      | Found Xuppadgh's Book Shop.
  5939 | D:5      | Found a stormy altar of Qazlal.
  5974 | D:5      | Found Gyrupie's Antique Weapon Emporium.
  5979 | D:5      | Bought a slimy quarterstaff for 198 gold pieces
  5979 | D:5      | Identified the +5 quarterstaff "Cemaurphu" {speed, MP+9
                  | Stlth+} (You bought it in a shop on level 5 of the Dungeon)
  6035 | D:5      | Found Waplij's General Store.
  6950 | D:6      | Reached skill level 5 in Spellcasting
  6950 | D:6      | Reached skill level 6 in Fire Magic
  7154 | D:6      | Reached XP level 9. HP: 57/57 MP: 16/16
  7203 | D:6      | Reached skill level 5 in Armour
  7521 | D:6      | Noticed Blork the orc
  7526 | D:6      | Killed Blork the orc
  7575 | D:6      | Found a runed translucent door.
  7576 | D:6      | Noticed demivan's ghost (novice GnSk)
  8129 | D:7      | Reached skill level 7 in Fire Magic
  8384 | D:7      | Noticed Duvessa
  8384 | D:7      | Noticed Dowan
  8391 | D:7      | Killed Duvessa
  8393 | D:7      | Killed Dowan
  8503 | D:7      | Reached skill level 5 in Invocations
  8864 | D:8      | Noticed Pikel
  8876 | D:7      | Killed Pikel
  8876 | D:7      | Reached skill level 8 in Fire Magic
  8876 | D:7      | Reached XP level 10. HP: 59/63 MP: 11/17
  8953 | D:8      | Noticed Prince Ribbit
  8963 | D:8      | Killed Prince Ribbit
  9341 | D:8      | Reached *** piety under Sif Muna
  9376 | D:8      | Found a white marble altar of Elyvilon.
  9407 | D:8      | Reached skill level 9 in Fire Magic
  9612 | D:8      | Reached skill level 1 in Fighting
  9722 | D:8      | Noticed Harold
  9732 | D:8      | Killed Harold
  9869 | D:8      | Got a slimy whip
  9870 | D:8      | Identified the +5 whip of Sysira Zeotz {drain, *Drain rElec
                  | rPois rC+} (You found it on level 8 of the Dungeon)
 10794 | D:9      | Found a staircase to the Lair.
 10822 | D:9      | Reached skill level 5 in Fighting
 11199 | D:9      | Reached XP level 11. HP: 74/80 MP: 21/21
 11408 | D:9      | Reached **** piety under Sif Muna
 11593 | D:9      | Noticed a deep elf archer
 11607 | D:9      | Killed a deep elf archer
 11878 | D:10     | Entered Level 10 of the Dungeon
 12480 | D:10     | Noticed a two-headed ogre
 12598 | D:10     | Killed a two-headed ogre
 12874 | D:10     | Noticed Joseph
 12893 | D:10     | Killed Joseph
 13013 | D:10     | Noticed a cyan ugly thing
 13020 | D:10     | Killed a cyan ugly thing
 13027 | D:10     | Noticed a catoblepas
 13401 | D:10     | Killed a catoblepas
 13988 | D:10     | Found a staircase to the Orcish Mines.
 14001 | D:10     | Upgraded the game from 0.24-a0-545-gd1b266bae6 to
                  | 0.24-a0-549-g45f0056d81
 14354 | D:11     | Reached skill level 10 in Fire Magic
 14655 | D:11     | Found Itonav's Antique Armour Shoppe.
 14658 | D:11     | Found Loesug's Magic Scroll Shoppe.
 14671 | D:11     | Reached XP level 12. HP: 73/92 MP: 25/25
 14759 | D:11     | Reached ***** piety under Sif Muna
 14759 | D:11     | Identified Sif Muna's Grimoire of Burning Battle Magic (Sif
                  | Muna gifted it to you on level 11 of the Dungeon)
 14759 | D:11     | Received a gift from Sif Muna
 14873 | D:11     | Learned a level 5 spell: Bolt of Magma
 15096 | D:11     | HP: 2/92 [cyclops (24)]
 15516 | D:11     | Found Huodwus's Jewellery Shop.
 15768 | Lair:1   | Entered Level 1 of the Lair of Beasts
 16051 | Lair:1   | Reached skill level 1 in Earth Magic
 16096 | Lair:1   | Learned a level 1 spell: Apportation
 16144 | Lair:1   | You fall into a shaft and drop 1 floor!
 16159 | Lair:2   | Found a staircase to the Swamp.
 16421 | Lair:1   | Noticed a six-headed hydra
 16432 | Lair:1   | Killed a six-headed hydra
 17210 | Lair:2   | Reached skill level 10 in Spellcasting
 17374 | Lair:2   | Reached skill level 11 in Fire Magic
 17656 | Lair:2   | Found a staircase to the Snake Pit.
 17724 | Lair:2   | Reached skill level 10 in Conjurations
 19085 | Lair:3   | Mangled by a spiny frog

Levels and vault maps discovered:
D:1:      tarquinn_simple_flora_water_e, layout_basic
D:2:      layout_rooms, lemuel_crystal_altar, first_ration, tso_metal_star,
          uniq_jessica
D:3:      minmay_thinvault, layout_loops_ring, overflow_temple_1_default,
          lemuel_crystal_altar, chequers_ecumenical_altar_simple,
          gammafunk_ghost_stat_death, guppyfry_early_orc_mine
D:4:      layout_basic, gammafunk_temple_overflow_claw,
          minmay_temple_entry_fiery, serial_shops, shop, enter_ossuary_5,
          uniq_edmund, uniq_sigmund, uniq_ijyb
D:5:      layout_gridville, lemuel_coloured_pillars_altar, serial_shops, shop,
          kennysheep_mini_moat, shop_fountains, minmay_misc_feat_roman
D:6:      layout_basic, gammafunk_ghost_grave, serial_co_window_serial,
          co_window_corner_a, co_window_of_opportunity_a,
          co_window_of_opportunity_a, co_window_paths_a, co_window_corner_a,
          co_window_corner_a, co_window_broadway_c, co_window_broadway_c,
          co_window_broadway_b, co_window_2corner, co_window_corner_b,
          co_window_broadway_a, glass_columns_a, glass_columns_a,
          glass_columns_a, minmay_mini_ossuary, uniq_blork_the_orc
D:7:      layout_loops_ring, uniq_duvessa
D:8:      layout_loops_ring, lemuel_round_altar, grunt_ogre_cave,
          minmay_fractal_squares_gapless_5, uniq_prince_ribbit1, uniq_pikel,
          uniq_harold
D:9:      layout_rooms, erik_lair_orcish_takeover, serial_corexii_hall,
          corexii_hall_statues_t, chequers_hall_statues_corner_a,
          corexii_hall_statues_l, corexii_hall_statues_deadend,
          corexii_hall_statues_t, chequers_hall_statues_wall_a,
          minmay_three_doors
D:10:     layout_loops_ring, hiddenorc1_lemuel, kb_rosetta, uniq_joseph
D:11:     layout_gridville, serial_shops, shop, nicolae_shop_waterfront, shop
D:12:     layout_roguey, serial_shops, shop, minivault_15,
          minmay_tree_intersection, uniq_nergalle, uniq_nessos, uniq_sonja
Lair:1:   layout_cave_pods, infiniplex_staircase_pool
Lair:2:   layout_small_grid, swamp_mist, minmay_snake_entry_guardpost_medium,
          serial_forest, infiniplex_forest_join, infiniplex_forest_lined_room_2,
          infiniplex_forest_lined_corner, infiniplex_forest_zigzag_1,
          infiniplex_forest_end_double, infiniplex_forest_lined_corner,
          minmay_lair_oklob_chamber
Lair:3:   layout_roguey, serial_bayou_shore_b, serial_bayou_shore_b

Skill      XL: |  1  2  3  4  5  6  7  8  9 10 11 12 |
---------------+-------------------------------------+-----
Stealth        | 2 |  2.0
Conjurations   | 2 3 4 5 7 8 10 | 10.4
Dodging        | 3 |  3.0
Fire Magic     | 4 5 6 8 9 10 11 | 11.5
Spellcasting   | 3 4 5 7 9 10 | 10.0
Armour         | 1 2 3 4 7 9 |  9.0
Invocations    | 1 2 3 5 |  5.0
Fighting       | 5 8 |  8.0
Evocations     | 3 |  3.0
Earth Magic    | 4 |  4.0

Action                   |  1- 3 |  4- 6 |  7- 9 | 10-12 || total
-------------------------+-------+-------+-------+-------++-------
Melee: Club              |     7 |       |       |       ||     7
       Unarmed           |     1 |       |       |       ||     1
       Dagger            |       |     2 |    92 |       ||    94
       Quarterstaff      |       |       |    44 |   218 ||   262
Throw: Stone             |    10 |       |       |       ||    10
       Boomerang         |     1 |    23 |    40 |    35 ||    99
 Cast: Flame Tongue      |    27 |    93 |   194 |   246 ||   560
       Sticky Flame      |       |     2 |    39 |   143 ||   184
       Fireball          |       |       |     1 |    19 ||    20
       Conjure Flame     |       |       |       |    11 ||    11
       Bolt of Magma     |       |       |       |    12 ||    12
Invok: Channel Magic     |       |       |       |     1 ||     1
Evoke: Wand              |       |       |       |    11 ||    11
  Use: Scroll            |       |    10 |     2 |    10 ||    22
       Potion            |       |       |       |     2 ||     2
 Stab: Sleeping          |       |       |     1 |     1 ||     2
       Paralysed         |       |       |       |     2 ||     2
  Eat: Chunk             |     2 |     8 |    17 |    33 ||    60
       Ration            |       |       |     2 |     8 ||    10
Armor: Robe              |    13 |     3 |       |       ||    16
       Leather armour    |       |     7 |    71 |   181 ||   259
Dodge: Dodged            |    34 |    19 |   128 |   225 ||   406
       Deflected         |       |       |     2 |     3 ||     5

Table legend:
 A = Non-vault XP
 B = Vault XP
 C = Vault XP percentage of total XP
 D = Non-vault monster count
 E = Vault monster count
 F = Vault count percentage of total count
                 A         B        C        D         E       F
            +---------+---------+-------+---------+---------+-------
      Total |   19917 |   11043 |  35.7 |     251 |     111 |  30.7
            +---------+---------+-------+---------+---------+-------
        D:1 |      21 |       0 |   0.0 |      10 |       0 |   0.0
        D:2 |      48 |      37 |  43.5 |      14 |       1 |   6.7
        D:3 |     110 |      91 |  45.3 |      16 |      21 |  56.8
        D:4 |     351 |     437 |  55.5 |      19 |       3 |  13.6
        D:5 |     342 |       0 |   0.0 |      12 |       0 |   0.0
        D:6 |     829 |     112 |  11.9 |      19 |       6 |  24.0
        D:7 |     930 |     877 |  48.5 |      15 |       3 |  16.7
        D:8 |     622 |    1487 |  70.5 |      19 |       6 |  24.0
        D:9 |    2222 |    1627 |  42.3 |      34 |      10 |  22.7
       D:10 |    4146 |    2638 |  38.9 |      39 |      22 |  36.1
       D:11 |    4075 |       0 |   0.0 |      24 |       0 |   0.0
     Lair:1 |    2532 |       0 |   0.0 |       9 |       0 |   0.0
     Lair:2 |    2661 |    3290 |  55.3 |      15 |      11 |  42.3
     Lair:3 |    1028 |       0 |   0.0 |       6 |       0 |   0.0
    Ossuary |       0 |     447 | 100.0 |       0 |      28 | 100.0
            +---------+---------+-------+---------+---------+-------
